AoeStats
← Tr3vorTW

Coastal Forest

510323754Analyzed
4v4 RM · 2d ago on Sep 30, 2026· 38m 41s· 8 players
Game mode
Random Map
Map size
Large (8 player)
Population
200
Speed
Normal
Resources
Standard
Victory
Conquest
Starting age
Dark Age
Ending age
Imperial Age
RankedLock teamsTeams togetherTeam positionsShared explorationLock speedFull tech treeHidden civsTurbo modeCheats
Victory
Defeat
🇨🇳 Mongols · China
1234
+7
🇦🇺 Japanese · Australia
1015
+15
🇨🇳 Franks · China
977
+17
🇨🇳 Teutons · China
781
+23
🇹🇼 Danes · Taiwan
1113
-20
🇹🇼 Varangians · Taiwan
993
-16
🇹🇼 Japanese · Taiwan
937
-13
🇹🇼 Cumans · Taiwan
926
-13
Duncan
4:11 Loom
10:58 Feudal Age
13:09 Double-Bit Axe
14:00 Horse Collar
16:23 Castle Age
16:39 Gold Mining
20:36 Bow Saw
20:58 Arson
23:06 Fletching
23:40 Padded Archer Armor
23:40 Elite Skirmisher
27:25 Stone Mining
39:19 Wheelbarrow
38:29 Town Watch
Tr3vorTW
11:00 Feudal Age
15:48 Castle Age
14:30 Double-Bit Axe
15:26 Loom
18:09 Bow Saw
17:41 Horse Collar
19:31 Heavy Plow
21:46 Wheelbarrow
25:40 Fishing Lines
27:16 Hand Cart
27:17 Gillnets
29:25 Gambesons
29:41 Squires
29:53 Forging
29:44 Scale Mail Armor
32:21 Imperial Age
30:07 Arson
30:42 Chain Mail Armor
31:14 Elite Skirmisher
32:07 Fletching
32:21 Padded Archer Armor
32:56 Iron Casting
33:31 Ballistics
33:10 Bodkin Arrow
34:38 Leather Archer Armor
35:52 Elite Varangian Guard
37:49 Bracer
38:51 Blast Furnace
39:09 Chemistry
38:33 Conscription
Hellogigi
12:52 Feudal Age
21:04 Man-at-Arms
26:56 Bloodlines
==草你趕鈴羊==
10:51 Feudal Age
12:58 Wheelbarrow
14:32 Horse Collar
24:46 Castle Age
22:43 Gold Mining
23:29 Stone Mining
23:31 Fishing Lines
24:05 Double-Bit Axe
24:45 Town Watch
26:29 Gillnets
27:06 Bow Saw
31:24 Hand Cart
34:01 Imperial Age
33:00 Gold Shaft Mining
33:05 Bloodlines
33:10 Forging
33:06 Scale Barding Armor
34:05 Cavalier
35:36 Paladin
38:20 Iron Casting
38:06 Chain Barding Armor
Rido
0:26 Loom
13:27 Feudal Age
13:55 Town Watch
14:46 Wheelbarrow
14:08 Double-Bit Axe
14:43 Gold Mining
14:43 Stone Mining
19:26 Gold Mining
25:06 Castle Age
27:54 Horse Collar
28:28 Fortified Wall
28:16 Murder Holes
28:31 Fortified Wall
31:13 Imperial Age
29:46 Fervor
30:22 Hand Cart
31:50 Gold Shaft Mining
31:19 Heavy Plow
32:42 Conscription
33:54 Town Patrol
33:57 Scale Mail Armor
34:08 Forging
34:25 Bow Saw
34:03 Arrowslits
34:09 Guard Tower
34:47 Fletching
36:07 Ballistics
36:12 Bodkin Arrow
36:58 Yasama
37:07 Bracer
CNZS_溪超
4:18 Loom
11:34 Feudal Age
16:20 Castle Age
14:41 Double-Bit Axe
23:10 Fletching
30:33 Wheelbarrow
33:01 Husbandry
34:47 Bow Saw
34:42 Horse Collar
36:33 Hand Cart
38:16 Bloodlines
38:45 Heavy Plow
Daemon Targaryen
0:41 Loom
10:49 Feudal Age
11:31 Double-Bit Axe
13:16 Wheelbarrow
12:29 Horse Collar
21:19 Castle Age
23:49 Heavy Plow
24:33 Bow Saw
28:05 Hand Cart
32:54 Imperial Age
31:25 Scale Barding Armor
33:02 Forging
33:52 Cavalier
37:26 Town Watch
38:59 Chain Barding Armor
38:40 Scale Mail Armor
haruka
7:08 Loom
9:20 Feudal Age
14:48 Double-Bit Axe
19:52 Castle Age
18:59 Gold Mining
19:18 Fletching
21:21 Bow Saw
22:45 Bodkin Arrow
23:41 Forging
25:26 Wheelbarrow
26:22 Gold Shaft Mining
26:43 Hand Cart
27:46 Ballistics
31:16 Scale Barding Armor
33:09 Chain Barding Armor
36:10 Imperial Age
34:52 Padded Archer Armor
34:26 Ordonnance Companies
36:24 Iron Casting
38:00 Chemistry
37:32 Conscription
37:26 Heavy Mounted Crossbowman
37:54 Cranequins
Connection lost

Rejoining the realm…

Still unreachable

The connection could not be restored.

Session expired

The server has moved on; the page needs a fresh start.